 Dungeon Crawl Stone Soup version 0.30-a0-122-g2a1322497e (console) character file.

Game seed: 5184058209233723934

58 jejorda2 the Ruffian (level 4, 0/28 HPs)
             Began as a Tengu Berserker on Sept 15, 2022.
             Was a Believer of Trog.
             Succumbed to an adder's poison
             ... on level 2 of the Dungeon.
             The game lasted 00:02:25 (1220 turns).

jejorda2 the Ruffian (Tengu Berserker)              Turns: 1220, Time: 00:02:26

Health: 0/28       AC:  2    Str: 20    XL:     4   Next: 2%
Magic:  5/5        EV: 12    Int:  7    God:    Trog [**....]
Gold:   15         SH:  0    Dex: 13    Spells: 3/3 levels left

rFire   . . .      SeeInvis .      - Unarmed
rCold   . . .      Faith    .    (no shield)
rNeg    . . .      Spirit   .    a - +0 animal skin
rPois   .          Reflect  .    (helmet restricted)
rElec   .          Harm     .    (no cloak)
rCorr   .          Rampage  .    (no gloves)
Will    .....                    (boots unavailable)
Stlth   +.........               (no amulet)
HPRegen 0.09/turn                (no ring)
MPRegen 0.09/turn                (no ring)

@: lethally poisoned (0 -> -6), on berserk cooldown, slowed, very slow
A: beak, talons 3
a: Renounce Religion, Berserk, Trog's Hand


You were on level 2 of the Dungeon.
You worshipped Trog.
Trog was pleased with you.
You visited 1 branch of the dungeon, and saw 2 of its levels.

You collected 15 gold pieces.

Inventory:

Missiles
 j - 13 stones (quivered)
Armour
 a - a +0 animal skin (worn)
Scrolls
 f - 2 scrolls of identify {unknown}
 m - a scroll of immolation {unknown}
Potions
 b - 2 potions of curing {unknown}
 c - a potion of brilliance {unknown}
 d - a potion of attraction {unknown}
 e - a potion of mutation {unknown}
 g - 4 potions of might {unknown}
 h - a potion of haste {unknown}
 i - a potion of resistance {unknown}
 k - a potion of invisibility {unknown}
 l - a potion of heal wounds {unknown}


   Skills:
 + Level 3.6 Fighting
 - Level 2.1 Armour
 - Level 2.1 Dodging
 * Level 4.7 Unarmed Combat


You had 3 spell levels left.
You didn't know any spells.
Your spell library was empty.

Dungeon Overview and Level Annotations

Branches:
Dungeon (2/15)

Altars:


Innate Abilities, Weirdness & Mutations

You have a beak for a mouth.
You have claws for feet.


Message History

A red film seems to cover your vision as you go berserk!
You feel yourself moving faster!
You feel mighty!
You feel sick. The adder barely misses you. The adder bites you.
You feel a strong urge to attack something.
You feel sick. The adder bites you but does no damage.
You see here a scroll labelled LEN VOOFAFU.
You barely miss the adder. Your kick misses the adder.
The adder is heavily wounded.
You feel sick. The adder bites you.
* * * LOW HITPOINT WARNING * * *
The adder bites you.
* * * LOW HITPOINT WARNING * * *
You are lethally poisoned!
The adder poisons you!
You miss the adder. Your kick misses the adder.
The adder is heavily wounded.
* * * LOW HITPOINT WARNING * * *
You feel sick. The adder closely misses you.
You closely miss the adder. You claw the adder.
You kill the adder!
Trog accepts your kill.
* * * LOW HITPOINT WARNING * * *
You feel sick. The adder barely misses you.
You closely miss the adder.
* * * LOW HITPOINT WARNING * * *
You feel sick. The adder closely misses you.
You closely miss the adder. You claw the adder!
You kill the adder!
Trog accepts your kill.
* * * LOW HITPOINT WARNING * * *
You feel sick.
You have reached level 4!
You feel stronger.
* * * LOW HITPOINT WARNING * * *
You feel sick.
You feel a strong urge to attack something.
You are no longer berserk.
You are exhausted.
You feel yourself slow down.
You die...

#.# ######## #.# #
#......# #.# #.#@# #.#
#.#.#### #.# #..?...# #
#.#######†##.# .
#..........# #
########.#........#...
...:....<......)........
##########.#..###.....#.
.# ......# ###.##


There were no monsters in sight!

Vanquished Creatures
  2 adders (D:2)
  A dart slug (D:1)
  A ball python (D:1)
  3 endoplasms
  A giant cockroach (D:1)
  7 goblins
  4 hobgoblins (D:1)
  4 jackals (D:1)
  4 kobolds
  2 quokkas (D:1)
  2 bats
  2 frilled lizards (D:1)
33 creatures vanquished.

Notes
Turn   | Place    | Note
-------+----------+-------------------------------------------
     0 | D:1      | jejorda2 the Tengu Berserker began the quest for the Orb.
     0 | D:1      | Reached XP level 1. HP: 14/14 MP: 2/2
    77 | D:1      | Reached XP level 2. HP: 16/19 MP: 3/3
   362 | D:1      | Reached skill level 4 in Unarmed Combat
   454 | D:1      | Reached XP level 3. HP: 19/23 MP: 4/4
   525 | D:1      | Found a faded altar of an unknown god.
  1030 | D:2      | Reached ** piety under Trog
  1219 | D:2      | Reached XP level 4. HP: 2/28 MP: 5/5
  1219 | D:2      | HP: 2/42 [poisoned by an adder]
  1220 | D:2      | Succumbed to an adder's poison

Illustrated notes

Levels and vault maps discovered:
D:1:      heliophobic_arrival_glass_houses, layout_basic,
          dreamdust_ecumenical_altar_angels_and_demons, minmay_cut_off
D:2:      minmay_wonky_spiral, layout_basic, kennysheep_generic_room_6

Skill      XL: |  1  2 |
---------------+-------+-----
Unarmed Combat | 4 |  4.7
Fighting       | |  3.6
Armour         | |  2.1
Dodging        | |  2.1

Action                   |  1- 3 |  4- 6 || total
-------------------------+-------+-------++-------
Melee: Unarmed           |    76 |       ||    76
       Peck              |    14 |       ||    14
       Kick              |    20 |       ||    20
       Punch             |     3 |       ||     3
Invok: Berserk           |     1 |       ||     1
 Stab: Sleeping          |     3 |       ||     3
Armor: Animal skin       |     9 |       ||     9
Dodge: Dodged            |    44 |       ||    44

Table legend: (Time is in decaauts)
 A = Elapsed time spent in this place.
 B = Non-inter-level travel time spent in this place.
 C = Inter-level travel time spent in this place.
 D = Time resting spent in this place.
 E = Time spent auto-exploring this place.
 F = Levels seen in this place.
 G = Mean time per level.
                   A        B        C        D        E       F      G
               +--------+--------+--------+--------+--------+-----+--------+
         Total |   1211 |   1179 |     32 |      0 |   1001 |   2 |  605.5 |
       Dungeon |   1211 |   1179 |     32 |      0 |   1001 |   2 |  605.5 |
               +--------+--------+--------+--------+--------+-----+--------+

Top non-repeatable levels by time:
     D:1: 1020 daAuts
     D:2: 191 daAuts
